AoeStats
← Sanzo1405

Arabia

509366068Analyzed
1v1 RM · 6d ago on Sep 26, 2026· 43m 57s· 2 players
Game mode
Random Map
Map size
Tiny (2 player)
Population
200
Speed
Normal
Resources
Standard
Victory
Conquest
Starting age
Dark Age
Ending age
Imperial Age
RankedLock teamsTeams togetherTeam positionsShared explorationLock speedFull tech treeHidden civsTurbo modeCheats
Victory
Defeat
🇺🇸 Danes · United States
1289
+16
🇪🇸 Hindustanis · Spain
1291
-16
thuddy
7:13 Loom
9:56 Feudal Age
10:26 Double-Bit Axe
10:02 Man-at-Arms
10:29 Horse Collar
11:36 Arson
20:49 Castle Age
21:14 Long Swordsman
23:11 Wheelbarrow
22:48 Bow Saw
23:45 Squires
24:38 Hand Cart
24:54 Heavy Plow
25:14 Gambesons
25:36 Scale Mail Armor
25:47 Forging
26:43 Chain Mail Armor
34:47 Gold Mining
34:48 Stone Mining
35:42 Iron Casting
38:16 Imperial Age
39:33 Plate Mail Armor
38:28 Heavy Scorpion
40:14 Gold Shaft Mining
40:19 Ballistics
40:07 Elite Varangian Guard
40:29 Capped Ram
41:46 Siege Ram
Sanzo1405
8:08 Loom
10:52 Feudal Age
16:32 Castle Age
17:36 Fletching
25:24 Double-Bit Axe
26:35 Scale Mail Armor
27:32 Squires
29:20 Forging
35:05 Bow Saw
36:28 Bloodlines
36:53 Bodkin Arrow
38:10 Padded Archer Armor
38:55 Husbandry
39:36 Thumb Ring
41:03 Ballistics
41:29 Gold Mining
Connection lost

Rejoining the realm…

Still unreachable

The connection could not be restored.

Session expired

The server has moved on; the page needs a fresh start.